 Dungeon Sprint DCSS version 0.21-a0-274-gc1afaeb (webtiles) character file.

2541 potatolord6000 the Apostle (level 9, -3/93 HPs)
             Began as a Hill Orc Monk on Sept 19, 2017.
             Was a High Priest of Beogh.
             Slain by a sun demon (14 damage)
             ... summoned by an orc sorcerer
             ... in the Dungeon (Sprint VII: "The Pits").
             The game lasted 00:04:15 (1346 turns).

potatolord6000 the Apostle (Hill Orc Monk)          Turns: 1346, Time: 00:04:16

Health: -3/93      AC: 26    Str: 25    XL:     9   Next: 55%
Magic:  19/19      EV: 17    Int: 10    God:    Beogh [*****.]
Gold:   0          SH:  0    Dex: 18    Spells: 8/8 levels left

rFire    . . .     SeeInvis .   i - +2 dire flail (protect)
rCold    . . .     Gourm    .   (shield currently unavailable)
rNeg     . . .     Faith    .   w - +3 plate armour
rPois    .         Spirit   .   u - +0 helmet
rElec    .         Reflect  .   (no cloak)
rCorr    .         Harm     .   (no gloves)
MR       .....     NoTele   +   (no boots)
Stlth    ..........             (no amulet)
HPRegen  0.25/turn              p - +3 ring of evasion
MPRegen  0.16/turn              q - +3 ring of strength

@: confused, mighty, agile, protection aura, hasted, very quick
A: walk on water
a: Smiting, Recall Orcish Followers, Give Item to Named Follower, Renounce
Religion


You were in the Dungeon.
You worshipped Beogh.
Beogh was extremely pleased with you.
You were not hungry.

You visited 1 branch

Inventory:

Hand Weapons
 i - a +2 dire flail of protection (weapon)
Armour
 u - a +0 helmet (worn)
 w - a +3 plate armour (worn)
Jewellery
 p - a +3 ring of evasion (left hand)
 q - a +3 ring of strength (right hand)
Scrolls
 j - 3 scrolls of remove curse
 k - 5 scrolls of amnesia
 l - a scroll of summoning
Potions
 a - 2 potions of invisibility
 b - 4 potions of heal wounds
 d - 4 potions of curing
 f - a potion of haste
 g - 4 potions of magic
 h - 4 potions of berserk rage
 r - 2 potions of agility
 s - a potion of brilliance
Comestibles
 c - 8 bread rations
 m - 40 fruits
 n - 6 meat rations


   Skills:
 + Level 13.0 Fighting
 + Level 12.1 Maces & Flails
 + Level 11.6 Armour
 - Level 2.4 Dodging
 - Level 1.5 Stealth
 + Level 13.5 Invocations


You had 8 spell levels left.
You didn't know any spells.

Dungeon Overview and Level Annotations

Branches:
Dungeon (1/1)

Altars:
Ashenzari
Cheibriados
Dithmenos
Elyvilon
Fedhas
Gozag
Hepliaklqana
Kikubaaqudgha
Makhleb
Nemelex Xobeh
Okawaru
Qazlal
Ru
Sif Muna
Trog
Uskayaw
Vehumet
Wu Jian
Xom
Yredelemnul
Zin
The Shining One
Beogh
Jiyva
Lugonu


Message History

Your weapon exudes an aura of protection.
The sun demon is moderately wounded.
The tarantella barely misses you.
Unknown command.
You bump into the metal wall.
The tarantella bites you but does no damage.
The sun demon completely misses you. The wraith misses you.
Unknown command.
The sun demon hits you!
You are engulfed in flames!
There is a huge open gate to the Metal Vault (Medium), spattered with blood here.
Unknown command.
Unknown command.
You bump into the metal wall.
The tarantella bites you but does no damage.
The sun demon hits you but does no damage.
You bump into the metal wall.
The tarantella closely misses you. The sun demon hits you!!
* * * LOW HITPOINT WARNING * * *
You are engulfed in flames!
You die...

_...###########++######
###'##................#
))'.##......#..#......#
###.##................+
.....'................+
'#####......#..#......#
.#)รท##................#
.'..#####'#####''######
##'###.......##'@#
....##.......##s3##
....##.......##WWo##
'#####...<...###Wz.#
))[.##.......#
##W.......
))[.##.......# ..###+###
######.......# WW##
.#..###########zzz
.#)############..


You could see a sun demon, 4 wraiths, an orc sorcerer, a tarantella and a wight.

Vanquished Creatures
  Josephine (D)
  Pikel (D)
  A merfolk siren (D)
  A gargoyle (D)
  Edmund (D)
  A warg (D)
  A floating eye (D)
  An eye of draining (D)
  A necrophage (D)
  A bullfrog (D)
  A wight (D)
  2 crimson imps (D)
  An orc priest (D)
  3 gnolls (D)
  2 adder skeletons (D)
  A leopard gecko (D)
  An orc (D)
  A bat (D)
  A goblin (D)
  2 hobgoblins (D)
  2 ball pythons (D)
27 creatures vanquished.

Vanquished Creatures (others)
  An orc (D)
1 creature vanquished.

Grand Total: 28 creatures vanquished

Notes
Turn   | Place    | Note
-------+----------+-------------------------------------------
     0 | D        | potatolord6000 the Hill Orc Monk began the quest for the Orb.
     0 | D        | Reached XP level 1. HP: 19/19 MP: 1/1
    13 | D        | Noticed a floating eye
    17 | D        | Found a bloodstained altar of Trog.
    17 | D        | Found a deep blue altar of Sif Muna.
    17 | D        | Found a viscous altar of Jiyva.
    17 | D        | Found a hazy altar of Hepliaklqana.
    17 | D        | Found an opulent altar of Gozag.
    18 | D        | Found a glowing golden altar of the Shining One.
    18 | D        | Found a glowing silver altar of Zin.
    18 | D        | Found a basalt altar of Yredelemnul.
    18 | D        | Found a shimmering altar of Xom.
    18 | D        | Found an ornate altar of the Wu Jian Council.
    18 | D        | Found a sacrificial altar of Ru.
    18 | D        | Found a stormy altar of Qazlal.
    18 | D        | Found an iron altar of Okawaru.
    18 | D        | Found a sparkling altar of Nemelex Xobeh.
    18 | D        | Found a burning altar of Makhleb.
    18 | D        | Found a blossoming altar of Fedhas.
    18 | D        | Found a white marble altar of Elyvilon.
    18 | D        | Found a shadowy altar of Dithmenos.
    18 | D        | Found a snail-covered altar of Cheibriados.
    18 | D        | Paralysed by a floating eye for 4 turns
    24 | D        | Found a corrupted altar of Lugonu.
    24 | D        | Found a radiant altar of Vehumet.
    24 | D        | Found a roughly hewn altar of Beogh.
    25 | D        | Found an ancient bone altar of Kikubaaqudgha.
    25 | D        | Found a hide-covered altar of Uskayaw.
    25 | D        | Found a shattered altar of Ashenzari.
    25 | D        | Paralysed by a floating eye for 2 turns
    32 | D        | Paralysed by a floating eye for 2 turns
    35 | D        | Became a worshipper of Beogh the Brigand
    35 | D        | Reached * piety under Beogh
    35 | D        | Reached ** piety under Beogh
    37 | D        | Killed a floating eye
    37 | D        | Reached skill level 5 in Maces & Flails
    37 | D        | Reached skill level 5 in Invocations
    37 | D        | Reached XP level 2. HP: 30/30 MP: 1/5
    37 | D        | Reached XP level 3. HP: 37/37 MP: 1/7
    37 | D        | Reached XP level 4. HP: 44/44 MP: 1/8
   228 | D        | Reached *** piety under Beogh
   248 | D        | Reached skill level 5 in Armour
   248 | D        | Reached XP level 5. HP: 17/51 MP: 9/9
   256 | D        | Reached **** piety under Beogh
   549 | D        | Noticed a necrophage
   563 | D        | Killed a necrophage
   563 | D        | Reached XP level 6. HP: 56/62 MP: 9/12
   568 | D        | Reached ***** piety under Beogh
   582 | D        | Noticed Pikel
   595 | D        | Killed Pikel
   595 | D        | Reached skill level 10 in Fighting
   595 | D        | Reached skill level 10 in Invocations
   595 | D        | Reached XP level 7. HP: 13/73 MP: 12/15
   864 | D        | Noticed a gargoyle
   871 | D        | Killed a gargoyle
   871 | D        | Reached skill level 10 in Maces & Flails
   871 | D        | Reached XP level 8. HP: 43/82 MP: 12/16
  1124 | D        | Noticed Edmund
  1124 | D        | Noticed a merfolk siren
  1126 | D        | Killed a merfolk siren
  1126 | D        | Reached skill level 10 in Armour
  1137 | D        | Killed Edmund
  1137 | D        | Reached XP level 9. HP: 85/90 MP: 0/18
  1142 | D        | Reached ****** piety under Beogh
  1312 | D        | Noticed Josephine
  1315 | D        | Noticed an orc sorcerer
  1323 | D        | Noticed a red devil
  1331 | D        | Killed Josephine
  1334 | D        | Noticed a sun demon
  1346 | D        | Slain by a sun demon

Vault maps used:
D:        pitsprint

Skill      XL: |  1  2  3  4  5  6  7  8  9 |
---------------+----------------------------+-----
Fighting       | 6 8 10 11 12 13 | 13.0
Maces & Flails | 5 6 7 9 10 11 12 | 12.1
Armour         | 4 5 6 9 10 11 | 11.6
Invocations    | 5 6 8 10 11 12 13 | 13.5
Dodging        | |  2.4
Stealth        | |  1.5

Action                   |  1- 3 |  4- 6 |  7- 9 || total
-------------------------+-------+-------+-------++-------
Melee: Mace              |     2 |    27 |       ||    29
       Flail             |       |    30 |    35 ||    65
       Dire flail        |       |       |    24 ||    24
Invok: Smiting           |       |       |     3 ||     3
       Resurrection      |       |       |     1 ||     1
  Use: Scroll            |     1 |       |       ||     1
       Potion            |       |     1 |    10 ||    11
  Eat: Meat ration       |       |       |     1 ||     1
Armor: Robe              |       |    13 |       ||    13
       Chain mail        |       |    12 |    16 ||    28
       Plate armour      |       |       |    28 ||    28
Dodge: Dodged            |       |    45 |    34 ||    79

Table legend:
 A = Spawn XP
 B = Non-spawn XP
 C = Spawn XP percentage of total XP
 D = Spawn monster count
 E = Non-spawn monster count
 F = Spawn count percentage of total count
 G = Total turns spent on level
                    A         B        C        D         E        F      G
               +---------+---------+-------+---------+---------+-------+---------
         Total |       0 |    3631 |   0.0 |       0 |      27 |   0.0 |  1346
               +---------+---------+-------+---------+---------+-------+---------
             D |       0 |    3631 |   0.0 |       0 |      27 |   0.0 |  1346
               +---------+---------+-------+---------+---------+-------+---------
